 Dungeon Crawl Stone Soup version 0.30-a0-728-gc68057be0a (webtiles) character file.

Game seed: 18184173302299523159

46 Newt the Trooper (level 3, -2/29 HPs)
             Began as a Demonspawn Gladiator on Jan 30, 2023.
             Slain by Terence
             ... wielding a +2 hand axe of electrocution
              (15 damage)
             ... on level 3 of the Dungeon.
             The game lasted 00:01:53 (1318 turns).

Newt the Trooper (Demonspawn Gladiator)             Turns: 1318, Time: 00:01:53

Health: -2/29      AC:  4    Str: 16    XL:     3   Next: 46%
Magic:  3/3        EV: 12    Int:  9    God:
Gold:   40         SH:  0    Dex: 14    Spells: 2/2 levels left

rFire   . . .      SeeInvis .    a - +0 rapier
rCold   . . .      Faith    .    (no shield)
rNeg    . . .      Spirit   .    b - +1 leather armour
rPois   .          Reflect  .    (helmet restricted)
rElec   .          Harm     .    (no cloak)
rCorr   .          Rampage  .    (no gloves)
Will    .....                    (no boots)
Stlth   ++                       (no amulet)
HPRegen 0.24/turn                (no ring)
MPRegen 0.08/turn                (no ring)

@: no status effects
A: horns 1
a: no special abilities


You were on level 3 of the Dungeon.
You visited 1 branch of the dungeon, and saw 3 of its levels.

You collected 40 gold pieces.

Inventory:

Hand Weapons
 a - a +0 rapier (weapon)
Missiles
 e - a javelin (quivered)
Armour
 b - a +1 leather armour (worn)
 c - a +0 helmet
Potions
 f - a potion of curing
 g - a potion of haste {unknown}
 h - 2 potions of heal wounds {unknown}


   Skills:
 + Level 3.2 Fighting
 - Level 2.6 Short Blades
 - Level 1.7 Throwing
 - Level 2.6 Dodging
 - Level 2.0 Stealth


You had 2 spell levels left.
You didn't know any spells.
Your spell library was empty.

Dungeon Overview and Level Annotations

Branches:
Dungeon (3/15)

Altars:

Annotations:
D:3 Terence


Innate Abilities, Weirdness & Mutations

You have a pair of small horns on your head.


Message History

Terence is heavily wounded.
Terence barely misses you.
You hit Terence but do no damage.
Terence is heavily wounded.
Terence hits you with a +2 hand axe of electrocution!
You barely miss Terence. You headbutt Terence, but do no damage.
Terence is heavily wounded.
Terence closely misses you.
Throw: 2 throwing nets
Press: ? - help, Q - select action, (/) - cycle Shift-Dir - straight line, f - Terence
Aim: Terence, wielding a +2 hand axe of electrocution and wearing a +0 chain mail (heavily wounded, 67% to hit)
You throw a throwing net. The throwing net barely misses Terence.
Terence barely misses you.
Throw: throwing net
Press: ? - help, Q - select action, (/) - cycle Shift-Dir - straight line, f/p - Terence
Aim: Terence, wielding a +2 hand axe of electrocution and wearing a +0 chain mail (heavily wounded, 67% to hit)
You throw a throwing net. The throwing net hits Terence.
Terence is caught in the net!
Terence is heavily wounded.
Terence struggles against the net.
You hit Terence. You headbutt Terence.
Terence is heavily wounded.
Terence struggles against the net.
You catch the helpless Terence completely off-guard!
You hit Terence.
Terence is almost dead.
Terence struggles against the net.
You barely miss Terence. You headbutt Terence.
Terence is almost dead.
Terence struggles against the net.
You hit Terence but do no damage.
Terence is almost dead.
Terence struggles against the net.
The net rips apart, and Terence comes free!
You hit Terence but do no damage.
Terence is almost dead.
Terence hits you with a +2 hand axe of electrocution.
You are electrocuted!
Ouch! That really hurt!
You die...

# .#
####.#
#.$..#
# #@#
#.##@#
#.[<(#
######


You could see Terence.

Vanquished Creatures
  2 worms (D:2)
  3 dart slugs (D:1)
  3 bats
  2 endoplasms (D:1)
  2 giant cockroaches (D:1)
  5 goblins
  A hobgoblin (D:2)
  2 jackals (D:1)
  A quokka (D:1)
  5 ball pythons
  4 frilled lizards
  3 kobolds
  2 rats
35 creatures vanquished.

Notes
Turn   | Place    | Note
-------+----------+-------------------------------------------
     0 | D:1      | Newt the Demonspawn Gladiator began the quest for the Orb.
     0 | D:1      | Reached XP level 1. HP: 16/16 MP: 1/1
    47 | D:1      | Reached skill level 1 in Stealth
   107 | D:1      | Gained mutation: You have a pair of small horns on your
                  | head. [demonic ancestry]
   107 | D:1      | Reached XP level 2. HP: 21/22 MP: 2/2
   821 | D:1      | Reached XP level 3. HP: 28/28 MP: 3/3
   956 | D:2      | Reached skill level 3 in Fighting
  1193 | D:2      | Noticed Terence
  1318 | D:3      | Slain by Terence

Illustrated notes

Levels and vault maps discovered:
D:1:      dpeg_arrival_stonehenge_12_columns, layout_basic, chequers_jeans,
          minmay_misc_feat_ornament
D:2:      layout_basic, serial_glass, glass_columns_b, glass_columns_a,
          feat_on_display, minmay_strange_pillars, item_on_display_a,
          st_stairs_1, chequers_decorated_corner, minmay_quantized, uniq_terence
D:3:      layout_basic, portal_sewer_entry_e

Skill      XL: |  1  2  3 |
---------------+----------+-----
Stealth        | 1 2 |  2.0
Fighting       | 3 |  3.2
Short Blades   | |  2.6
Throwing       | |  1.7
Dodging        | |  2.6

Action                     || total
---------------------------++-------
  Melee: Rapier            ||   110
         Headbutt          ||    21
         Punch             ||     3
  Throw: Throwing net      ||     3
    Use: Scroll            ||     4
   Stab: Sleeping          ||     3
         Held in net/web   ||     1
 Armour: Leather armour    ||    27
  Dodge: Dodged            ||    79

Table legend: (Time is in decaauts)
 A = Elapsed time spent in this place.
 B = Non-inter-level travel time spent in this place.
 C = Inter-level travel time spent in this place.
 D = Time resting spent in this place.
 E = Time spent auto-exploring this place.
 F = Levels seen in this place.
 G = Mean time per level.
                   A        B        C        D        E       F      G
               +--------+--------+--------+--------+--------+-----+--------+
         Total |   1326 |   1267 |     59 |     72 |    892 |   3 |  442.0 |
       Dungeon |   1326 |   1267 |     59 |     72 |    892 |   3 |  442.0 |
               +--------+--------+--------+--------+--------+-----+--------+

Top non-repeatable levels by time:
     D:1: 933 daAuts
     D:2: 299 daAuts
     D:3: 93 daAuts
